 Dungeon Crawl Stone Soup version 0.32-a0-42-ga30500b4d3 (webtiles) character file.

Game seed: 4675201241596647159

158860 cforsyth the Warrior (level 18, -5/149 HPs)
             Began as a Djinni Hedge Wizard on Jan 31, 2024.
             Was an Initiate of Gozag.
             Slain by a redback (7 damage)
             ... on level 3 of the Spider Nest on Feb 1, 2024.
             The game lasted 01:42:57 (34594 turns).

cforsyth the Warrior (Djinni Hedge Wizard)         Turns: 34594, Time: 01:42:57

Health: -5/149     AC:  9    Str: 15    XL:     18   Next: 35%
Gold:   9349       EV: 16    Int: 28    God:    Gozag SH:  0 Dex: 15

rFire   + + +        Q - +5 double sword of Resourcefulness {drain, rF+ Str+3 Dex+2 SInv}
rCold   + . .        Z - orb {light}
rNeg    . . .        M - +1 leather armour {rC+ rF+}
rPois   ∞            c - +0 hat
rElec   +            I - +2 cloak
rCorr   .            j - +1 pair of gloves
SInv    +            (boots unavailable)
Will    ++...        U - amulet "Rulue" {Fly rC+ Regen+ Int+4}
Stlth   +            W - ring of Ditiduf {rElec MP+9 Str+3 Slay+3}
HPRegen 1.24/turn    O - ring of willpower
MPRegen 0.00/turn

%: infuse magic (-6 HP)
@: forested, flying, glowing, studying Stealth
A: sickness immunity, fire resistance 2, cold vulnerability 1, float, innate
caster, HP casting, extra vitality 1
a: Renounce Religion, Potion Petition, Call Merchant, Bribe Branch


You were on level 3 of the Spider Nest.
You worshipped Gozag.
Gozag was greatly pleased with you.
You visited 5 branches of the dungeon, and saw 26 of its levels.
You also visited: Ossuary, Gauntlet and Ice Cave.

You collected 10157 gold pieces.
You spent 746 gold pieces at shops.
You paid 62 gold pieces to Gozag.

Inventory:

Hand Weapons
 Q - the +5 double sword of Resourcefulness (weapon) {drain, rF+ Str+3 Dex+2 SInv}
   (You found it on level 4 of the Lair of Beasts)

   Str+3:     It affects your strength (+3).
   Dex+2:     It affects your dexterity (+2).
   rF+:       It protects you from fire.
   SInv:      It lets you see invisible.
Armour
 c - a +0 hat (worn)
 j - a +1 pair of gloves (worn)
 I - a +2 cloak (worn)
 M - a +1 leather armour of resistance (worn)
 Y - the +2 leather armour of Siagualuan {rN+ Str+2 SInv Stlth+}
   (You bought it in a shop on level 2 of the Orcish Mines)

   Str+2:     It affects your strength (+2).
   rN+:       It protects you from negative energy.
   SInv:      It lets you see invisible.
   Stlth+:    It makes you more stealthy.
 Z - an orb of light (worn)
Jewellery
 e - an amulet of reflection
 L - a ring of protection from cold
 N - the ring "Eckim" {Ice rN+ Str+3 Dex+4}
   (You found it in an ice cave)

   [ring of ice]

   Ice:       It enhances your ice magic.
   Str+3:     It affects your strength (+3).
   Dex+4:     It affects your dexterity (+4).
   rF-:       It makes you vulnerable to fire.
   rC+:       It protects you from cold.
   rN+:       It protects you from negative energy.
 O - a ring of willpower (right hand)
 R - a ring of willpower
 S - the ring of Puiwkay {MP+9 EV+5 Str+2}
   (You found it in a Gauntlet)

   [ring of evasion]

   EV+5:      It affects your evasion (+5).
   Str+2:     It affects your strength (+2).
   MP+9:      It affects your magic capacity (+9).
 T - the amulet of Idiroent {Faith rF+ Regen+ Str+3}
   (You found it in a Gauntlet)

   [amulet of faith]

   Faith:     It allows you to gain divine favour quickly.
   Str+3:     It affects your strength (+3).
   rF+:       It protects you from fire.
   Regen+:    It increases your rate of health regeneration.
 U - the amulet "Rulue" (around neck) {Fly rC+ Regen+ Int+4}
   (You found it in an ice cave)

   [amulet of regeneration]

   Int+4:     It affects your intelligence (+4).
   rC+:       It protects you from cold.
   Fly:       It grants you flight.
   Regen+:    It increases your rate of health regeneration.
 W - the ring of Ditiduf (left hand) {rElec MP+9 Str+3 Slay+3}
   (You found it on level 5 of the Lair of Beasts)

   [ring of magical power]

   Str+3:     It affects your strength (+3).
   Slay+3:    It affects your accuracy & damage with ranged weapons and melee
   (+3).
   rElec:     It insulates you from electricity.
   MP+9:      It affects your magic capacity (+9).
Wands
 b - a wand of flame (47)
 t - a wand of mindburst (22)
 w - a wand of polymorph (19)
 y - a wand of iceblast (29)
 G - a wand of acid (10)
 J - a wand of paralysis (13)
Scrolls
 a - 5 scrolls of revelation
 d - 9 scrolls of identify
 f - 8 scrolls of noise
 g - 5 scrolls of poison
 i - a scroll of butterflies
 l - 4 scrolls of vulnerability
 o - 3 scrolls of blinking
 p - 7 scrolls of enchant armour
 s - 10 scrolls of teleportation
 B - 4 scrolls of enchant weapon
 D - a scroll of silence
 K - 5 scrolls of immolation
Potions
 h - 6 potions of magic
 k - 4 potions of cancellation
 m - 4 potions of heal wounds
 n - 2 potions of enlightenment
 q - 14 potions of curing
 r - a potion of ambrosia {unknown}
 u - 3 potions of resistance
 x - 7 potions of might
 z - 4 potions of brilliance
 A - 2 potions of lignification
 C - 6 potions of haste
 H - 3 potions of attraction
 X - a potion of mutation
Miscellaneous
 v - a phial of floods
 E - a phantom mirror
 F - a sack of spiders
 P - a tin of tremorstones (2/2)
 V - a lightning rod (4/4)


   Skills:
 - Level 20.0 Fighting
 + Level 10.2 Dodging
 - Level 1.5 Stealth
 + Level 8.0 Shields
 + Level 17.0 Spellcasting
 + Level 17.0 Conjurations
 + Level 17.0 Hexes
 + Level 17.0 Summonings
 + Level 17.0 Necromancy
 + Level 17.0 Translocations
 + Level 17.0 Fire Magic
 + Level 17.0 Ice Magic
 + Level 17.0 Air Magic
 + Level 17.0 Earth Magic
 + Level 17.0 Alchemy


You knew the following spells:

 Your Spells              Type           Power      Damage    Failure   Level
a - Magic Dart            Conj           100%       1d8       0%          1
b - Slow                  Hex            100%       N/A       0%          1
c - Blink                 Tloc           100%       N/A       0%          2
d - Call Imp              Summ           100%       N/A       0%          2
e - Mephitic Cloud        Conj/Alch/Air  87%        N/A       0%          3
f - Summon Forest         Summ/Tloc      43%        N/A       1%          5
g - Lesser Beckoning      Tloc           100%       N/A       0%          2
h - Gell's Gravitas       Tloc           87%        N/A       0%          3
i - Summon Lightning Spi  Summ/Air       87%        N/A       1%          4
j - Borgnjor's Vile Clut  Necr/Erth      43%        N/A       1%          5
k - Shock                 Conj/Air       100%       1d9       0%          1
l - Eringya's Noxious Bo  Alch           43%        4d6       1%          6
m - Summon Hydra          Summ           43%        N/A       1%          7
Your spell library was empty.

Dungeon Overview and Level Annotations

Branches:
Dungeon (15/15)            Temple (1/1) D:4            Lair (5/5) D:8
 Shoals (0/4) Lair:2       Spider (3/4) Lair:3        Slime (0/5) Lair:5
    Orc (2/2) D:10            Elf (0/3) Orc:2        Vaults (0/5) D:13
 Depths (0/4) D:15        Ossuary (visited)           IceCv (visited)
Gauntlet (visited)

Altars:
Ashenzari
Cheibriados
Dithmenos
Elyvilon
Fedhas
Gozag
Hepliaklqana
Makhleb
Nemelex Xobeh
Okawaru
Qazlal
Ru
Trog
Uskayaw
Wu Jian
Xom
Yredelemnul
Zin
The Shining One
Jiyva
Lugonu

Shops:
D:10 ([   D:12 =   Orc:2 [*?*

Portals:
Abyss: Lair:5


Innate Abilities, Weirdness & Mutations

You are immune to sickness and miasma.
You are immune to poison.
Your flesh is very heat resistant. (rF++)
You are vulnerable to cold. (rC-)
You float through the air rather than walking.
You learn spells naturally, not from books.
Your magical power is your life essence.
You have superior vitality. (+4 MHP)


Message History

Your eight-headed hydra disappears in a puff of smoke!
You feel roots moving beneath the ground.
You now have 9349 gold pieces (gained 3).
The forest calms down.
Space becomes stable.
Your dryad disappears in a puff of smoke!
A pharaoh ant comes into view.
A pharaoh ant is nearby!
A pharaoh ant is nearby!
A redback comes into view.
The redback moves out of view.
A wolf spider comes into view.
The wolf spider's many legs skitter.
Casting: Summon Hydra (dangerous; 1% risk of failure)
Confirm with . or Enter, or press ? or * to list all spells.
A forested plane collides here with a resounding crunch!
Your dryad calls out to the forest.
The forest starts to sway and rumble!
The pharaoh ant bites you!!! The pharaoh ant bites you!!
Casting: Summon Forest (safe; 1% risk of failure)
Confirm with . or Enter, or press ? or * to list all spells.
An eight-headed hydra appears.
A tree reaches out but misses the pharaoh ant.
The pharaoh ant completely misses you.
Your dryad closely misses the redback.
Casting: Summon Hydra (dangerous; 1% risk of failure)
Confirm with . or Enter, or press ? or * to list all spells.
An eight-headed hydra appears.
A tree reaches out and hits the redback!
The pharaoh ant is hit by a branch!
The wolf spider hits you! The wolf spider bites you.
The pharaoh ant bites you!!
* * * LOW HITPOINT WARNING * * *
The redback closely misses you.
The wolf spider hits you but does no damage.
The wolf spider bites you but does no damage.
Your dryad hits the redback but does no damage.
The pharaoh ant bites you!!
* * * LOW HITPOINT WARNING * * *
The redback bites you!
You die...
Your body crumbles into a pile of gold.

♣###♣#♣#♣ #♣.......# ##
### ##.........
#.####.##♣...^.♣....
#..#..#♣.R.D.......
######...^# ♣^sBs......
##...###..## #♣@.......
........#.## #♣..##♣♣.♣.
........#..##♣D.♣♣
........##..#..♣#
........###...##
........# ♣♣.♣# ####
........# ♣.# ##♣###♣♣
#... ........#
#.#####...^.^♣ #...
........####.....#......#
#...


You could see a wolf spider, a pharaoh ant (ally target), a redback (ally
target), 2 friendly eight-headed hydras and a friendly dryad (summoned).

Vanquished Creatures
  An orc warlord (Orc:1)
  A quicksilver ooze (IceCv)
  Harold (Lair:1)
  3 boulder beetles
  2 centaur warriors
  A tengu warrior (D:14)
  2 two-headed ogres
  A death yak (Gauntlet)
  An occultist (D:15)
  An orc high priest (Orc:2)
  3 thrashing horrors (Lair:5)
  A skeletal warrior (D:14)
  3 sixfirhies (D:14)
  A fire crab (Lair:4)
  Pikel (D:4)
  2 necromancers
  2 lindwurms (Lair:5)
  2 orc knights (Orc:2)
  A deep elf pyromancer (D:15)
  A steelbarb worm (Spider:1)
  A wolf spider (Spider:2)
  A large abomination (Lair:5)
  2 orc sorcerers
  2 cyclopes
  2 ugly things
  A manticore (D:14)
  6 meliai
  An ice statue (IceCv)
  3 elephants (Lair:3)
  2 black mambas
  A kobold blastminer (Orc:2)
  A rust devil (D:14)
  A torpor snail (Lair:4)
  Joseph (D:7)
  3 cane toads
  2 rime drakes
  An unseen horror (D:11)
  3 kobold demonologists
  Jeremiah (D:7)
  2 komodo dragons
  A komodo dragon (shapeshifter) (Lair:5)
  An efreet (Gauntlet)
  A hellwing (D:14)
  3 trolls
  2 polar bears
  Grinder (D:4)
  7 blink frogs
  5 jumping spiders
  A culicivora (Spider:1)
  2 ynoxinuls (Lair:5)
  Sigmund (D:2)
  A centaur simulacrum (Gauntlet)
  4 shadows
  A wyvern (Lair:1)
  Eustachio (D:3)
  14 yaks
  A vampire (D:12)
  2 water elementals
  2 steam dragons
  4 basilisks
  A redback (Spider:1)
  A neqoxec (D:14)
  2 wargs (Orc:1)
  A chaos spawn (Lair:5)
  4 vampire mosquitoes
  An acid dragon (D:9)
  Duvessa (D:4)
  10 water moccasins
  2 great orb of eyes simulacra (IceCv)
  An ice beast (D:3)
  2 laughing skulls (D:13)
  12 orc warriors
  A black bear (D:6)
  2 sky beasts
  4 small abominations (Lair:5)
  6 ogres
  5 wolves
  3 lemures (D:4)
  4 centaurs
  A phantom (D:4)
  2 kobold brigands
  4 bullfrogs
  A gnoll sergeant (D:6)
  11 scorpions
  A glowing shapeshifter simulacrum (IceCv)
  Dowan (D:4)
  21 killer bees
  6 electric eels
  3 howler monkeys
  A wyvern simulacrum (Gauntlet)
  2 hounds
  2 jellies
  2 bombardier beetles
  2 human zombies (Ossuary)
  10 orc priests
  3 iguanas (D:4)
  A sleepcap (D:5)
  Jessica (D:3)
  Natasha (thrice) (D:3)
  Terence (D:3)
  11 orc wizards
  4 scorpion zombies (Ossuary)
  2 shapeshifter simulacra (IceCv)
  A hound zombie (D:4)
  2 mummies (Ossuary)
  A howler monkey zombie (D:4)
  9 adders
  9 gnolls
  An adder zombie (Ossuary)
  4 dart slugs
  2 ribbon worms
  41 orcs
  4 ball pythons
  7 bats
  5 endoplasms
  2 giant cockroaches
  A gnoll zombie (Ossuary)
  31 goblins
  29 hobgoblins
  A quokka (D:4)
  4 ball python zombies (Ossuary)
  2 frilled lizards (D:3)
  2 jackal zombies (Ossuary)
  20 kobolds
  2 rats (D:2)
  A snaplasher vine (Lair:5)
463 creatures vanquished.

Vanquished Creatures (collateral kills)
  Jorgrun (D:14)
  Mlioglotl (Spider:2)
  Gastronok (Lair:1)
  Donald (Orc:2)
  An azure jelly (IceCv)
  2 ghost moths
  2 quicksilver oozes (IceCv)
  The ghost of anacleto the Mimic, a journeyman TrSh of Qazlal (D:14)
  A broodmother (Spider:2)
  A spark wasp (Spider:2)
  A minotaur (Gauntlet)
  5 entropy weavers
  A vault guard (D:13)
  A catoblepas (D:14)
  A jorogumo (Spider:3)
  3 centaur warriors
  A death knight (D:14)
  2 radroaches (Spider:2)
  2 tengu warriors
  A boulder beetle (D:14)
  13 death yaks
  3 two-headed ogres
  6 demonic crawlers
  2 orc high priests (Orc:2)
  A soul eater (D:14)
  Sonja (Lair:2)
  Urug (Lair:1)
  3 skeletal warriors (D:15)
  A shadow wraith (D:14)
  2 fire crabs (Lair:4)
  4 pharaoh ants
  4 skysharks
  A deep troll (D:15)
  4 orb spiders
  2 flayed ghosts (D:14)
  A glowing orange brain (D:13)
  A phantasmal warrior (D:14)
  2 deep elf pyromancers
  3 lindwurms
  A sun moth (Spider:1)
  5 orc knights
  2 large abominations (Lair:5)
  8 wolf spiders
  6 steelbarb worms
  5 cyclopes
  6 ugly things
  2 manticores (D:14)
  A moth of wrath (Spider:3)
  2 orc sorcerers (Orc:2)
  3 meliai
  2 rust devils (D:14)
  5 elephants
  A black mamba (Lair:4)
  2 smoke demons
  3 torpor snails
  A gargoyle (D:11)
  4 cane toads
  A kobold demonologist (D:11)
  An orange demon (D:14)
  Maggie (D:7)
  2 rime drakes (D:13)
  2 freezing wraiths (D:14)
  A tengu conjurer (D:15)
  4 komodo dragons
  2 hellwings (D:14)
  A hornet (Lair:4)
  3 trolls
  15 tarantellas
  2 polar bears
  A snapping turtle (Lair:2)
  7 dream sheep (Lair:4)
  2 raiju (Lair:5)
  15 blink frogs
  2 centaur simulacra (Gauntlet)
  12 slime creatures (IceCv)
  18 jumping spiders
  A ynoxinul (Lair:5)
  3 shadows (Gauntlet)
  13 culicivoras
  3 fire elementals (Gauntlet)
  5 wraiths
  A wyvern (D:8)
  A steam dragon (Lair:4)
  14 yaks
  4 basilisks
  A chaos spawn (Lair:5)
  3 vampire mosquitoes
  42 redbacks
  4 wargs
  A hell hound (Gauntlet)
  3 great orb of eyes simulacra (IceCv)
  13 water moccasins
  16 orc warriors
  2 ice beasts
  A black bear (Lair:4)
  6 small abominations (Lair:5)
  4 ogres
  23 wolves
  2 centaurs (D:14)
  A kobold brigand (D:11)
  2 slime creature simulacra (IceCv)
  A gnoll sergeant (D:9)
  5 bullfrogs
  A bullfrog (shapeshifter) (D:15)
  3 scorpions
  2 glowing shapeshifter simulacra (IceCv)
  A killer bee (D:5)
  A howler monkey (D:13)
  A centaur zombie (Ossuary)
  5 hounds
  Crazy Yiuf (D:7)
  A human zombie (Ossuary)
  4 orc priests
  3 orc wizards
  A hell rat (Lair:4)
  2 scorpion zombies (Ossuary)
  3 shapeshifter simulacra (IceCv)
  A mummy (Ossuary)
  4 gnolls
  4 nameless horrors
  An adder zombie (Ossuary)
  2 ribbon worms (Lair:3)
  20 orcs
  2 goblins (D:4)
  2 hobgoblins (D:4)
  A ball python zombie (Ossuary)
  A frilled lizard (D:3)
  2 gnoll zombies (Ossuary)
  An orc zombie (Ossuary)
481 creatures vanquished.

Vanquished Creatures (others)
  A deep elf pyromancer (D:13)
  A wyvern (Lair:4)
  An orc wizard (Orc:2)
  8 snaplasher vines
11 creatures vanquished.

Grand Total: 955 creatures vanquished

Notes
Turn   | Place    | Note
-------+----------+-------------------------------------------
     0 | D:1      | cforsyth the Djinni Hedge Wizard began the quest for the
                  | Orb.
     0 | D:1      | cforsyth set off with the following spells memorised: Magic
                  | Dart, Slow, Blink, Call Imp, Mephitic Cloud.
     0 | D:1      | Reached XP level 1. HP: 15/15 MP: 0/0
   219 | D:1      | Reached XP level 2. HP: 18/22 MP: 0/0
   222 | D:1      | Reached skill level 1 in Fighting
   620 | D:1      | Reached XP level 3. HP: 25/27 MP: 0/0
   620 | D:1      | Learned a level 1 spell: Shock
   857 | D:2      | Reached skill level 2 in Fighting
  1042 | D:2      | Reached XP level 4. HP: 28/33 MP: 0/0
  1070 | D:2      | Found a faded altar of an unknown god.
  1221 | D:2      | Found a sparkling altar of Nemelex Xobeh.
  1308 | D:2      | Noticed Sigmund
  1317 | D:2      | Killed Sigmund
  1318 | D:2      | Reached skill level 3 in Fighting
  1318 | D:2      | Reached XP level 5. HP: 23/41 MP: 0/0
  1318 | D:2      | Learned a level 2 spell: Lesser Beckoning
  1318 | D:2      | Reached XP level 6. HP: 27/47 MP: 0/0
  1728 | D:3      | Noticed an ice beast
  1961 | D:3      | Noticed Natasha
  1968 | D:3      | Killed Natasha
  1969 | D:3      | Reached skill level 4 in Fighting
  2005 | D:3      | Noticed Natasha
  2012 | D:3      | Killed Natasha
  2017 | D:3      | Noticed Natasha
  2021 | D:3      | Killed Natasha
  2119 | D:3      | Noticed Terence
  2150 | D:3      | Noticed an ogre
  2237 | D:3      | Killed an ice beast
  2238 | D:3      | Reached XP level 7. HP: 42/53 MP: 0/0
  2238 | D:3      | Learned a level 3 spell: Gell's Gravitas
  2309 | D:3      | Noticed Jessica
  2315 | D:3      | Killed Jessica
  2371 | D:3      | Reached skill level 5 in Fighting
  2371 | D:3      | Reached skill level 5 in Spellcasting
  2371 | D:3      | Reached skill level 5 in Conjurations
  2371 | D:3      | Reached skill level 5 in Hexes
  2371 | D:3      | Reached skill level 5 in Summonings
  2371 | D:3      | Reached skill level 5 in Necromancy
  2371 | D:3      | Reached skill level 5 in Translocations
  2371 | D:3      | Reached skill level 5 in Fire Magic
  2371 | D:3      | Reached skill level 5 in Ice Magic
  2371 | D:3      | Reached skill level 5 in Air Magic
  2371 | D:3      | Reached skill level 5 in Earth Magic
  2371 | D:3      | Reached skill level 5 in Alchemy
  2379 | D:3      | Killed Terence
  2786 | D:4      | Noticed Dowan
  2787 | D:4      | Noticed Duvessa
  2800 | D:4      | Killed Dowan
  3154 | D:4      | Noticed Eustachio
  3203 | D:3      | Killed Eustachio
  3204 | D:3      | Reached skill level 6 in Fighting
  3204 | D:3      | Reached XP level 8. HP: 14/61 MP: 0/0
  3572 | D:4      | Found a basalt altar of Yredelemnul.
  3634 | D:4      | Killed Duvessa
  3936 | D:4      | Noticed Grinder
  3946 | D:4      | Paralysed by Grinder for 4 turns
  4008 | D:4      | Killed Grinder
  4009 | D:4      | Reached skill level 7 in Fighting
  4150 | D:4      | Found a staircase to the Ecumenical Temple.
  4170 | Temple   | Entered the Ecumenical Temple
  4176 | Temple   | Became a worshipper of Gozag Ym Sagoz the Greedy
  4215 | D:4      | Reached XP level 9. HP: 66/68 MP: 0/0
  4215 | D:4      | Learned a level 4 spell: Summon Lightning Spire
  5248 | D:4      | Noticed Pikel
  5275 | D:4      | Killed Pikel
  5276 | D:4      | Reached skill level 8 in Fighting
  5578 | D:5      | Entered Level 5 of the Dungeon
  6043 | D:5      | You are sucked into a shaft and drop 2 floors!
  6051 | D:7      | Noticed Crazy Yiuf
  6074 | D:7      | Found a sand-covered staircase.
  6094 | D:7      | Reached skill level 9 in Fighting
  6174 | Ossuary  | Entered an ossuary
  6477 | Ossuary  | Reached XP level 10. HP: 48/78 MP: 0/0
  7419 | D:7      | Noticed Maggie
  7448 | D:7      | Killed Maggie
  7449 | D:7      | Reached skill level 10 in Fighting
  7613 | D:7      | Noticed a two-headed ogre
  7613 | D:7      | Noticed a purple ugly thing
  7619 | D:7      | Killed a purple ugly thing
  7623 | D:7      | Noticed Jeremiah
  7710 | D:6      | Found a burning altar of Makhleb.
  8491 | D:6      | Reached skill level 11 in Fighting
  8836 | D:6      | Reached XP level 11. HP: 79/87 MP: 0/0
  8836 | D:6      | Learned a level 5 spell: Borgnjor's Vile Clutch
  9244 | D:7      | Killed Jeremiah
  9398 | D:7      | Found a runed translucent door.
  9633 | D:7      | Killed a two-headed ogre
  9634 | D:7      | Reached skill level 12 in Fighting
  9735 | D:7      | Noticed Joseph
  9753 | D:7      | Killed Joseph
 10064 | D:7      | Killed Crazy Yiuf
 10351 | D:8      | Found a staircase to the Lair.
 10416 | D:8      | Found a bloodstained altar of Trog.
 10614 | D:8      | Found a blossoming altar of Fedhas.
 10747 | D:9      | Reached skill level 10 in Spellcasting
 10747 | D:9      | Reached skill level 10 in Conjurations
 10747 | D:9      | Reached skill level 10 in Hexes
 10747 | D:9      | Reached skill level 10 in Summonings
 10747 | D:9      | Reached skill level 10 in Necromancy
 10747 | D:9      | Reached skill level 10 in Translocations
 10747 | D:9      | Reached skill level 10 in Fire Magic
 10747 | D:9      | Reached skill level 10 in Ice Magic
 10747 | D:9      | Reached skill level 10 in Air Magic
 10747 | D:9      | Reached skill level 10 in Earth Magic
 10747 | D:9      | Reached skill level 10 in Alchemy
 11872 | D:10     | Entered Level 10 of the Dungeon
 11990 | D:10     | Noticed a two-headed ogre
 12007 | D:10     | Killed a two-headed ogre
 12116 | D:10     | Reached skill level 13 in Fighting
 12177 | D:10     | Found Nuyxt's Armour Shoppe.
 12179 | D:10     | Found a staircase to the Orcish Mines.
 12198 | D:10     | Reached XP level 12. HP: 73/98 MP: 0/0
 12222 | D:10     | Found Xomedom's Weapon Shoppe.
 12426 | D:10     | Found an ornate altar of the Wu Jian Council.
 14151 | D:12     | Reached skill level 14 in Fighting
 14246 | D:12     | Found Waow's Jewellery Emporium.
 14425 | D:12     | Noticed a +0 falchion
 14425 | D:12     | Noticed a +0 short sword
 14426 | D:12     | Noticed a +0 dagger
 14426 | D:12     | Noticed a +0 dagger
 14426 | D:12     | Noticed a +0 spear
 14426 | D:12     | Noticed a +0 spear
 14427 | D:12     | Noticed a +0 short sword
 14428 | D:12     | Noticed a +0 falchion
 14433 | D:12     | Found a hide-covered altar of Uskayaw.
 14772 | Lair:1   | Entered Level 1 of the Lair of Beasts
 14772 | Lair:1   | Noticed Harold
 14786 | Lair:1   | Killed Harold
 15085 | Lair:1   | Reached XP level 13. HP: 59/106 MP: 0/0
 15085 | Lair:1   | Learned a level 5 spell: Summon Forest
 15302 | Lair:1   | Noticed Gastronok
 15314 | Lair:1   | Noticed Urug
 15315 | Lair:1   | Killed Gastronok
 15536 | Lair:1   | Killed Urug
 15539 | Lair:1   | Reached skill level 15 in Fighting
 16368 | Lair:2   | Noticed Sonja
 16384 | Lair:2   | Killed Sonja
 16917 | Lair:2   | Found a staircase to the Shoals.
 17119 | Lair:3   | Found a hazy altar of Hepliaklqana.
 17342 | Lair:3   | Reached skill level 16 in Fighting
 17537 | Lair:3   | Found a hole to the Spider Nest.
 17953 | Lair:4   | Reached XP level 14. HP: 46/117 MP: 0/0
 18362 | Lair:4   | Identified the +5 double sword of Resourcefulness {drain,
                  | rF+ Str+3 Dex+2 SInv}
 18557 | Lair:4   | Reached skill level 17 in Fighting
 18944 | Lair:5   | Entered Level 5 of the Lair of Beasts
 18962 | Lair:5   | Found a viscous altar of Jiyva.
 18962 | Lair:5   | Found a staircase to the Slime Pits.
 19044 | Lair:5   | Found a gate leading to a gauntlet.
 19057 | Gauntlet | Entered a Gauntlet
 19057 | Gauntlet | Found a transporter.
 19093 | Gauntlet | Found a transporter.
 19094 | Gauntlet | Found a transporter.
 19098 | Gauntlet | Found a transporter.
 19102 | Gauntlet | Found a transporter.
 19105 | Gauntlet | Found a transporter.
 19106 | Gauntlet | Found a transporter.
 19113 | Gauntlet | Found a runed translucent gate.
 19114 | Gauntlet | Found a runed translucent gate.
 19115 | Gauntlet | Found a transporter.
 19118 | Gauntlet | Found a transporter.
 19119 | Gauntlet | Found a transporter.
 19127 | Gauntlet | Found a transporter.
 19127 | Gauntlet | Found a runed translucent gate.
 19130 | Gauntlet | Found a transporter.
 19131 | Gauntlet | Found a transporter.
 19139 | Gauntlet | Found a transporter.
 19666 | Gauntlet | Identified the ring of Puiwkay {MP+9 EV+5 Str+2}
 19947 | Gauntlet | Identified the amulet of Idiroent {Faith rF+ Regen+ Str+3}
 20120 | Gauntlet | Noticed a minotaur
 20134 | Gauntlet | Killed a minotaur
 20260 | Lair:5   | Reached XP level 15. HP: 107/126 MP: 0/0
 20260 | Lair:5   | Learned a level 6 spell: Eringya's Noxious Bog
 20307 | Lair:5   | Reached skill level 18 in Fighting
 22235 | Lair:5   | Found a corrupted altar of Lugonu.
 22235 | Lair:5   | Found a one-way gate to the infinite horrors of the Abyss.
 22966 | Lair:5   | Identified the ring of Ditiduf {rElec MP+9 Str+3 Slay+3}
 23365 | Orc:1    | Entered Level 1 of the Orcish Mines
 23613 | Orc:2    | Entered Level 2 of the Orcish Mines
 23651 | Orc:2    | Noticed Donald
 23657 | Orc:2    | Killed Donald
 23798 | Orc:2    | Reached skill level 19 in Fighting
 23882 | Orc:1    | Noticed an orc warlord
 24403 | Orc:1    | Killed an orc warlord
 24786 | Orc:2    | Reached skill level 15 in Spellcasting
 24786 | Orc:2    | Reached skill level 15 in Conjurations
 24786 | Orc:2    | Reached skill level 15 in Hexes
 24786 | Orc:2    | Reached skill level 15 in Summonings
 24786 | Orc:2    | Reached skill level 15 in Necromancy
 24786 | Orc:2    | Reached skill level 15 in Translocations
 24786 | Orc:2    | Reached skill level 15 in Fire Magic
 24786 | Orc:2    | Reached skill level 15 in Ice Magic
 24786 | Orc:2    | Reached skill level 15 in Air Magic
 24786 | Orc:2    | Reached skill level 15 in Earth Magic
 24786 | Orc:2    | Reached skill level 15 in Alchemy
 24931 | Orc:2    | Reached XP level 16. HP: 128/135 MP: 0/0
 24973 | Orc:2    | Found Idibbo Ydghou's Assorted Antiques.
 24973 | Orc:2    | Found Timos's Antique Armour Shoppe.
 24975 | Orc:2    | Found Tuatrod's Magic Scroll Boutique.
 24975 | Orc:2    | Found Viatwiph's General Store.
 24981 | Orc:2    | Bought a scroll of revelation for 195 gold pieces
 24981 | Orc:2    | Bought a potion of curing for 78 gold pieces
 24983 | Orc:2    | Bought a scroll of teleportation for 39 gold pieces
 24984 | Orc:2    | Bought a potion of mutation for 112 gold pieces
 24986 | Orc:2    | Bought a polished leather armour for 161 gold pieces
 24986 | Orc:2    | Identified the +2 leather armour of Siagualuan {rN+ Str+2
                  | SInv Stlth+} (You bought it in a shop on level 2 of the
                  | Orcish Mines)
 24986 | Orc:2    | Bought a slimy leather armour for 161 gold pieces
 24986 | Orc:2    | Identified the +2 leather armour of Heresy {Int-2 Dex+5}
                  | (You bought it in a shop on level 2 of the Orcish Mines)
 25161 | Orc:2    | Found a staircase to the Elven Halls.
 25498 | D:13     | Found a frozen archway.
 25539 | IceCv    | Entered an ice cave
 25877 | IceCv    | Got the ring "Eckim" {Ice rN+ Str+3 Dex+4}
 26237 | IceCv    | Noticed an azure jelly
 26238 | IceCv    | Found a viscous altar of Jiyva.
 26245 | IceCv    | Killed an azure jelly
 26289 | IceCv    | Identified the amulet "Rulue" {Fly rC+ Regen+ Int+4}
 26614 | D:13     | Found a gate to the Vaults.
 27408 | D:14     | Noticed Jorgrun
 27485 | D:14     | Killed Jorgrun
 27486 | D:14     | Reached skill level 20 in Fighting
 28222 | D:14     | Identified the +3 leather armour "Leakhaer" {rN++ Will-
                  | rCorr Dex+9}
 28239 | D:14     | Found a runed translucent gate.
 28239 | D:14     | Found a runed translucent gate.
 28240 | D:14     | Found a runed translucent gate.
 28242 | D:14     | Noticed anacleto's ghost (journeyman TrSh)
 28618 | D:14     | Reached skill level 5 in Dodging
 28878 | D:14     | Reached skill level 1 in Shields
 29871 | D:15     | Entered Level 15 of the Dungeon
 29904 | D:15     | Reached XP level 17. HP: 131/143 MP: 0/0
 29904 | D:15     | Learned a level 7 spell: Summon Hydra
 29988 | D:15     | Found a staircase to the Depths.
 30904 | D:14     | Killed anacleto's ghost
 30929 | D:14     | Identified the staff of Context {rPois Dex+2 Alchemy}
 31168 | Spider:1 | Entered Level 1 of the Spider Nest
 31364 | Spider:1 | Reached skill level 5 in Shields
 33118 | Spider:2 | Reached XP level 18. HP: 139/149 MP: 0/0
 33451 | Spider:2 | Noticed Mlioglotl
 33460 | Spider:2 | Killed Mlioglotl
 34074 | Spider:3 | Reached skill level 10 in Dodging
 34594 | Spider:3 | HP: 2/149 [pharaoh ant (18)]
 34594 | Spider:3 | Slain by a redback

Illustrated notes

Levels and vault maps discovered:
D:1:      dpeg_arrival_pits, layout_loops_ring
D:2:      layout_loops_ring, basic_altar, ebering_ecumenical_altar_box,
          chequers_hall_statues_y, uniq_sigmund
D:3:      layout_rooms, uniq_terence, uniq_jessica, uniq_natasha
D:4:      minmay_goblin_kobold_castle, layout_basic,
          nicolae_sif_muna_condensation, lemuel_zombie_altar_yredelemnul,
          minmay_temple_entry_waves, uniq_eustachio, uniq_pikel, uniq_grinder,
          uniq_duvessa
D:5:      cheibrodos_thug_alley, layout_loops_ring
D:6:      layout_gridville, mainiacjoe_overflow_brackets, minmay_checkerbox
D:7:      layout_loops_ring, enter_ossuary_1, minmay_small_thing,
          uniq_crazy_yiuf_cottage, uniq_maggie, uniq_joseph, uniq_jeremiah
D:8:      layout_rooms, fedhas_altar_1, mainiacjoe_overflow_chevrons,
          erik_lair_island
D:9:      layout_loops_corners, kennysheep_minor_cross,
          nicolae_figureground_pulse
D:10:     layout_loops_ring, nzn_wu_jian_contemplation, orc_david_3
D:11:     layout_layer_cave, lightli_minifort
D:12:     layout_cave_pools, serial_shops, shop, nicolae_uskayaw_en_pointe
D:13:     layout_irregular_city, hellmonk_vaults_order_and_chaos,
          portal_ice_cave_rime
D:14:     layout_basic, serial_demonic, serial_demonic_e, serial_demonic_c,
          serial_demonic_d, serial_demonic_a, gammafunk_ghost_spectres,
          nicolae_fountain_basement, uniq_jorgrun
D:15:     hangedman_depths_entry_civil_slaughter, layout_irregular_city,
          minmay_stone_trees_large
Temple:   kb_temple_of_zot
Lair:1:   layout_cave_pods, serial_bayou_shore_b, grunt_megastairs_4,
          uniq_gastronok, uniq_harold, uniq_urug
Lair:2:   layout_long_grid, minmay_shoals_entry_hut, uniq_sonja
Lair:3:   layout_gridlike, nicolae_spider_entry_non_spiders, basic_altar,
          pdpol_lair_neglected_garden
Lair:4:   layout_gridlike, nicolae_lair_lakeside_cave
Lair:5:   hellmonk_lair_end_abyssal_woods, layout_cellular_growth,
          slime_entry_1, gauntlet_entry_generic, serial_bayou_pond_e,
          minmay_lindwurm_lava
Spider:1: layout_cave_pods
Spider:2: layout_spider_delve, uniq_mlioglotl
Spider:3: layout_cave_pods, drop_trap
Orc:1:    layout_diamond_mine, minmay_orc_temple_a
Orc:2:    grunt_orc_tribal_feast, layout_caves, uniq_donald

Skill      XL: |  1  2  3  4  5  6  7  8  9 10 11 12 13 14 15 16 17 18 |
---------------+-------------------------------------------------------+-----
Fighting       | 1 2 3 4 6 7 9 11 13 14 16 17 19 20 | 20.0
Spellcasting   | 4 5 6 7 9 10 11 12 14 15 16 17 | 17.0
Conjurations   | 4 5 6 7 9 10 11 12 14 15 16 17 | 17.0
Hexes          | 4 5 6 7 9 10 11 12 14 15 16 17 | 17.0
Summonings     | 4 5 6 7 9 10 11 12 14 15 16 17 | 17.0
Necromancy     | 4 5 6 7 9 10 11 12 14 15 16 17 | 17.0
Translocations | 4 5 6 7 9 10 11 12 14 15 16 17 | 17.0
Fire Magic     | 4 5 6 7 9 10 11 12 14 15 16 17 | 17.0
Ice Magic      | 4 5 6 7 9 10 11 12 14 15 16 17 | 17.0
Air Magic      | 4 5 6 7 9 10 11 12 14 15 16 17 | 17.0
Earth Magic    | 4 5 6 7 9 10 11 12 14 15 16 17 | 17.0
Alchemy        | 4 5 6 7 9 10 11 12 14 15 16 17 | 17.0
Dodging        | 5 9 10 | 10.2
Shields        | 2 7 8 |  8.0
Stealth        | |  1.5

Action                     |  1- 3 |  4- 6 |  7- 9 | 10-12 | 13-15 | 16-18 || total
---------------------------+-------+-------+-------+-------+-------+-------++-------
  Melee: Dagger            |     3 |       |     1 |     2 |       |       ||     6
         Double sword      |       |       |       |       |    10 |    24 ||    34
   Cast: Magic Dart        |    68 |    76 |   454 |   660 |   494 |   146 ||  1898
         Mephitic Cloud    |       |     1 |    23 |    60 |    28 |     1 ||   113
         Call Imp          |       |     9 |    11 |     8 |     9 |     5 ||    42
         Shock             |       |     3 |     3 |       |    12 |     7 ||    25
         Gell's Gravitas   |       |       |     7 |       |     2 |       ||     9
         Slow              |       |       |     3 |       |       |       ||     3
         Summon Lightning  |       |       |     4 |    32 |    84 |    34 ||   154
         Borgnjor's Vile C |       |       |       |    92 |   207 |   124 ||   423
         Summon Forest     |       |       |       |       |    53 |    88 ||   141
         Blink             |       |       |       |       |     2 |     1 ||     3
         Eringya's Noxious |       |       |       |       |     4 |       ||     4
         Summon Hydra      |       |       |       |       |       |   122 ||   122
    Use: Potion            |       |       |     1 |       |     2 |     1 ||     4
         Scroll            |       |       |     9 |    13 |     4 |     2 ||    28
   Stab: Distracted        |       |       |       |       |       |     2 ||     2
 Armour: Robe              |     4 |     9 |    20 |    73 |   262 |     7 ||   375
         Leather armour    |       |       |    75 |   120 |       |   199 ||   394
  Dodge: Dodged            |     8 |     6 |    79 |   170 |   158 |   157 ||   578
  Block: Other             |     2 |     3 |    35 |    14 |       |       ||    54
         Reflection        |       |       |     2 |       |       |       ||     2

Table legend: (Time is in decaauts)
 A = Elapsed time spent in this place.
 B = Non-inter-level travel time spent in this place.
 C = Inter-level travel time spent in this place.
 D = Time resting spent in this place.
 E = Time spent auto-exploring this place.
 F = Levels seen in this place.
 G = Mean time per level.
                   A        B        C        D        E       F      G
               +--------+--------+--------+--------+--------+-----+--------+
         Total |  34636 |  32660 |   1976 |   3857 |  21910 |  29 | 1194.3 |
       Dungeon |  18248 |  17003 |   1245 |   1320 |  12530 |  15 | 1216.5 |
        Temple |     12 |      6 |      6 |      0 |      0 |   1 |   12.0 |
          Lair |   7675 |   7087 |    588 |   1370 |   4338 |   5 | 1535.0 |
   Spider Nest |   3438 |   3397 |     41 |    444 |   2297 |   3 | 1146.0 |
  Orcish Mines |   2020 |   1926 |     94 |    238 |   1202 |   2 | 1010.0 |
       Ossuary |   1239 |   1239 |      0 |      0 |    868 |   1 | 1239.0 |
      Ice Cave |    851 |    851 |      0 |    139 |    298 |   1 |  851.0 |
      Gauntlet |   1150 |   1150 |      0 |    346 |    377 |   1 | 1150.0 |
               +--------+--------+--------+--------+--------+-----+--------+

Top non-repeatable levels by time:
  Lair:5: 3259 daAuts
     D:4: 2370 daAuts
    D:14: 1842 daAuts
Spider:2: 1521 daAuts
    D:11: 1417 daAuts
     D:7: 1398 daAuts
   Orc:2: 1355 daAuts
    D:13: 1333 daAuts
     D:3: 1285 daAuts
     D:9: 1264 daAuts
  Lair:1: 1261 daAuts
 Ossuary: 1239 daAuts
  Lair:4: 1198 daAuts
Spider:1: 1197 daAuts
Gauntlet: 1150 daAuts
